 Dungeon Crawl Stone Soup version 0.29.1-4-g47bece8355 (webtiles) character file.

Game seed: 11883475812343267988

1387253 fleeber the Pyromancer (level 27, 173/173 HPs)
             Began as a Deep Elf Conjurer on Nov 28, 2022.
             Was the Champion of Vehumet.
             Escaped with the Orb
             ... and 3 runes on Dec 2, 2022!
             The game lasted 10:59:00 (110842 turns).

fleeber the Pyromancer (Deep Elf Conjurer)        Turns: 110842, Time: 10:59:01

Health: 173/173    AC: 14    Str:  7    XL:     27
Magic:  51/52      EV: 26    Int: 38    God:    Vehumet [******]
Gold:   3350       SH: 22    Dex: 22    Spells: 6/73 levels left

rFire   + + +      SeeInvis +   Q - staff of conjuration
rCold   + . .      Faith    .   Z - +5 kite shield {rPois}
rNeg    . . .      Spirit   .   J - +1 robe of Forking Paths {Fly Archmagi}
rPois   +          Reflect  +   c - +2 hat {Will+}
rElec   +          Harm     .   S - +2 cloak {rCorr}
rCorr   +          Rampage  .   A - +2 pair of gloves {Str+3}
Will    +++..      Archmagi +   R - +2 pair of boots
Stlth   +.........              j - amulet of Desertification {Reflect Contam rC+ Regen+ rCorr SH+5}
HPRegen 1.18/turn               n - ring "Bohata" {*Corrode rElec rF+ Dex+6 SInv}
MPRegen 0.33/turn               O - ring "Nataoh" {Wiz rF+++ rC- Dex+3}

@: brilliant, resistant, flying, hasted, studying 3 skills, invisible, very
quick
A: no striking features
0: Orb of Zot
}: 3/15 runes: decaying, serpentine, slimy
a: Renounce Religion


You escaped.
You worshipped Vehumet.
Vehumet was exalted by your worship.
You visited 12 branches of the dungeon, and saw 55 of its levels.

You collected 8846 gold pieces.
You spent 5496 gold pieces at shops.

Inventory:

Hand Weapons
 s - the +1 sling "Limp" {flame, rN++ SInv}
   (You found it on level 3 of the Elven Halls)

   Any ammunition fired from it burns those it strikes, dealing additional fire
   damage.
   rN:        It greatly protects you from negative energy.
   SInv:      It lets you see invisible.
 W - the +4 long sword of the Howling Gods {vamp, +Blink rF- rC++ rN+ rCorr}
   (You found it on level 3 of the Crypt)

   It occasionally heals its wielder for a portion of the damage dealt when it
   wounds a living foe.
   rF:        It makes you vulnerable to fire.
   rC:        It greatly protects you from cold.
   rN:        It protects you from negative energy.
   +Blink:    It lets you blink.
   rCorr:     It protects you from acid and corrosion.
Missiles
 h - 8 throwing nets
Armour
 c - a +2 hat of willpower (worn)
 A - a +2 pair of gloves of strength (worn)
 J - the +1 robe of Forking Paths (worn) {Fly Archmagi}
   (You found it on level 1 of the Snake Pit)

   Fly:       It grants you flight.
   Archmagi:  It increases the power of your magical spells.
 R - a +2 pair of boots (worn)
 S - a +2 cloak of preservation (worn)
 Z - a +5 kite shield of poison resistance (worn)
Magical Staves
 Q - a staff of conjuration (weapon)
Jewellery
 j - the amulet of Desertification (around neck) {Reflect Contam rC+ Regen+ rCorr SH+5}
   (You bought it in a shop on level 2 of the Orcish Mines)

   [amulet of reflection]

   It reflects blocked missile attacks.
   rC:        It protects you from cold.
   Contam:    It causes magical contamination when unequipped.
   Regen:     It increases your rate of health regeneration.
   rCorr:     It protects you from acid and corrosion.
   SH:        It affects your SH (+5).
 n - the ring "Bohata" (left hand) {*Corrode rElec rF+ Dex+6 SInv}
   (You bought it in a shop on level 2 of the Orcish Mines)

   [ring of protection from fire]

   Dex:       It affects your dexterity (+6).
   rF:        It protects you from fire.
   rElec:     It insulates you from electricity.
   SInv:      It lets you see invisible.
   *Corrode:  It may corrode you when you take damage.
 O - the ring "Nataoh" (right hand) {Wiz rF+++ rC- Dex+3}
   (You took it off a vampire mage on level 1 of the Crypt)

   [ring of wizardry]

   It improves your spell success rate.
   Dex:       It affects your dexterity (+3).
   rF:        It renders you almost immune to fire.
   rC:        It makes you vulnerable to cold.
Wands
 a - a wand of charming (43)
 m - a wand of iceblast (25)
 v - a wand of digging (11)
 B - a wand of quicksilver (5)
 I - a wand of mindburst (23)
 N - a wand of polymorph (5)
Scrolls
 f - 6 scrolls of poison
 g - 12 scrolls of vulnerability
 k - 8 scrolls of noise
 o - 5 scrolls of fog
 q - 8 scrolls of silence
 r - 12 scrolls of teleportation
 w - a scroll of torment
 x - a scroll of enchant weapon
 z - 6 scrolls of immolation
 H - 5 scrolls of summoning
 K - 11 scrolls of fear
 L - a scroll of blinking
 P - 10 scrolls of amnesia
 T - a scroll of magic mapping
 Y - 34 scrolls of identify
Potions
 b - a potion of magic
 d - 19 potions of curing
 e - 13 potions of attraction
 i - 6 potions of heal wounds
 l - 11 potions of mutation
 t - 4 potions of resistance
 u - 11 potions of might
 C - 6 potions of brilliance
 D - 3 potions of haste
 E - 15 potions of lignification
 G - a potion of cancellation
 U - 3 potions of ambrosia
 X - 4 potions of invisibility
Miscellaneous
 p - a phantom mirror
 y - a condenser vane
 M - a tin of tremorstones (2/2)
 V - a lightning rod (4/4)


   Skills:
 - Level 18.1 Fighting
 + Level 18.9 Dodging
 - Level 2.4 Stealth
 - Level 8.0 Shields
 + Level 23.7 Spellcasting
 + Level 24.3 Conjurations
 - Level 4.6 Summonings
 - Level 14.0 Translocations
 - Level 8.0 Transmutations
 + Level 24.3 Fire Magic
 - Level 18.0 Earth Magic
 - Level 8.0 Poison Magic
 - Level 12.0 Evocations


You had 6 spell levels left.
You knew the following spells:

 Your Spells              Type           Power      Damage    Failure   Level
a - Iskenderun's Mystic   Conj/Tloc      100%       2d19      0%          4
b - Iron Shot             Conj/Erth      97%        9d17      1%          6
c - Olgreb's Toxic Radia  Pois           100%       N/A       1%          4
d - Ignite Poison         Fire/Tmut/Pois 100%       N/A       0%          3
e - Fireball              Conj/Fire      100%       3d36      0%          5
f - Iskenderun's Battles  Conj           100%       2d15      0%          5
g - Orb of Destruction    Conj           100%       9d21      1%          7
h - Lehudib's Crystal Sp  Conj/Erth      97%        10d21     1%          8
i - Fire Storm            Conj/Fire      100%       8d25      1%          9
j - Magic Dart            Conj           100%       1d8       0%          1
k - Searing Ray           Conj           100%       2d8       0%          2
l - Stone Arrow           Conj/Erth      100%       3d13      0%          3
m - Passwall              Tmut/Erth      100%       N/A       0%          2
n - Swiftness             Air            80%        N/A       1%          3
o - Apportation           Tloc           100%       N/A       0%          1
p - Slow                  Hex            100%       N/A       1%          1
q - Dazzling Flash        Conj/Hex       100%       N/A       1%          3

Your spell library contained the following spells:

 Spells                   Type           Power      Damage    Failure   Level
 Shatter                  Erth           79%        3d58*     9%          9
 Chain Lightning          Conj/Air       84%        3d112     56%         9
 Foxfire                  Conj/Fire      100%       2x1d9     0%          1
 Sandblast                Erth           100%       2d20      0%          1
 Shock                    Conj/Air       100%       1d9       0%          1
 Static Discharge         Conj/Air       100%       3-16/arc  0%          2
 Lesser Beckoning         Tloc           100%       N/A       0%          3
 Lee's Rapid Deconstruct  Erth           79%        3d36*     0%          5
 Starburst                Conj/Fire      100%       6d25      0%          6
 Freeze                   Ice            100%       1d11      1%          1
 Necrotise                Necr           100%       1d9       1%          1
 Sting                    Tmut/Pois      100%       1d8       1%          1
 Summon Small Mammal      Summ           100%       N/A       1%          1
 Call Imp                 Summ           100%       N/A       1%          2
 Poisonous Vapours        Pois/Air       100%       N/A       1%          2
 Sublimation of Blood     Necr           80%        N/A       1%          2
 Wereblood                Tmut           100%       N/A       1%          2
 Call Canine Familiar     Summ           100%       N/A       1%          3
 Confusing Touch          Hex            80%        N/A       1%          3
 Frozen Ramparts          Ice            100%       1d16      1%          3
 Inner Flame              Hex/Fire       100%       N/A       1%          3
 Mephitic Cloud           Conj/Pois/Air  100%       N/A       1%          3
 Ozocubu's Armour         Ice            80%        N/A       1%          3
 Portal Projectile        Hex/Tloc       100%       N/A       1%          3
 Summon Guardian Golem    Hex/Summ       96%        N/A       1%          3
 Tukima's Dance           Hex            80%        N/A       1%          3
 Vampiric Draining        Necr           80%        2d11      1%          3
 Airstrike                Air            40%        2d(6-22)  1%          4
 Animate Armour           Summ/Erth      100%       N/A       1%          4
 Corpse Rot               Necr/Pois/Air  98%        N/A       1%          4
 Fulminant Prism          Conj/Hex       84%        3d34      1%          4
 Hailstorm                Conj/Ice       100%       3d20      1%          4
 Ice Form                 Ice/Tmut       100%       N/A       1%          4
 Leda's Liquefaction      Hex/Erth       65%        N/A       1%          4
 Passage of Golubria      Tloc           100%       N/A       1%          4
 Petrify                  Tmut/Erth      100%       N/A       1%          4
 Summon Ice Beast         Ice/Summ       96%        N/A       1%          4
 Summon Lightning Spire   Summ/Air       96%        N/A       1%          4
 Alistair's Intoxication  Tmut/Pois      84%        N/A       1%          5
 Blade Hands              Tmut           63%        N/A       1%          5
 Borgnjor's Vile Clutch   Necr/Erth      65%        N/A       1%          5
 Freezing Cloud           Conj/Ice/Air   75%        6-21      1%          5
 Irradiate                Conj/Tmut      90%        3d41      1%          5
 Lightning Bolt           Conj/Air       84%        1d111     1%          5
 Summon Forest            Summ/Tloc      65%        N/A       1%          5
 Yara's Violent Unravell  Hex/Tmut       53%        3d20      1%          5
 Conjure Ball Lightning   Conj/Air       84%        3x3d32    1%          6
 Statue Form              Tmut/Erth      96%        N/A       1%          6
 Anguish                  Hex/Necr       40%        N/A       4%          4
 Cause Fear               Hex            40%        N/A       4%          4
 Dispel Undead            Necr           80%        3d26      4%          4
 Summon Mana Viper        Hex/Summ       96%        N/A       5%          5
 Summon Cactus Giant      Summ           55%        N/A       12%         6
 Metabolic Englaciation   Hex/Ice        40%        N/A       13%         5
 Silence                  Hex/Air        40%        N/A       13%         5
 Death Channel            Necr           40%        N/A       56%         6
 Simulacrum               Ice/Necr       40%        N/A       56%         6
 Ignition                 Fire           87%        3d22      1%          8
 Dragon Form              Tmut           63%        N/A       16%         7
 Summon Hydra             Summ           55%        N/A       50%         7
 Storm Form               Tmut/Air       53%        N/A       58%         7
 Ozocubu's Refrigeration  Ice            40%        4d16      63%         7
 Enfeeble                 Hex            40%        N/A       98%         7
 Maxwell's Capacitive Co  Air            40%        ∞         99%         8
 Discord                  Hex            40%        N/A       100%        8
 Infestation              Necr           40%        N/A       100%        8
 Dragon's Call            Summ           55%        N/A       100%        9


Dungeon Overview and Level Annotations

Branches:
Dungeon (15/15)            Temple (1/1) D:4            Lair (5/5) D:8
  Swamp (4/4) Lair:2        Snake (4/4) Lair:3        Slime (5/5) Lair:5
    Orc (2/2) D:11            Elf (3/3) Orc:2        Vaults (4/5) D:13
  Crypt (3/3) Vaults:3       Tomb (0/3) Crypt:3      Depths (4/4) D:15
    Zot (5/5) Depths:4

Altars:
Ashenzari
Cheibriados
Dithmenos
Elyvilon
Fedhas
Gozag
Hepliaklqana
Kikubaaqudgha
Makhleb
Nemelex Xobeh
Okawaru
Qazlal
Ru
Sif Muna
Trog
Uskayaw
Vehumet
Wu Jian
Xom
Yredelemnul
Zin
The Shining One
Jiyva
Lugonu

Shops:
D:1 ?   Orc:2 ([*=   Snake:3 *   Vaults:1 !*[   Vaults:3 *   Depths:2 ==*
Depths:4 =

Portals:
Hell: Depths:1 Depths:2 Depths:3 Depths:4
Abyss: Lair:5 Depths:3
Pandemonium: Depths:2
Ziggurat: Depths:3
Trove: D:11 (give +6 ice dragon scales)

Annotations:
D:6 3 runed translucent doors, cdecastro's ghost, novice HOMo
D:11 exclusion: downstairs
D:13 1 runed translucent door
Lair:3 exclusion: downstairs
Vaults:2 exclusion: downstairs
Depths:1 6 transporters, exclusion: downstairs
Zot:2 exclusion: downstairs
Zot:4 exclusion: downstairs


Message History

The sticky flame hits the balrug.
The balrug completely resists.
The balrug is covered in liquid flames!
Aiming: Fire Storm (dangerous; 1% risk of failure)
Press: ? - help, Dir - move target, f - fire vortex
Aim: a fire vortex (flame, friendly)
You feel a strong surge of power!
A raging storm of fire appears!
The great blast of fire engulfs the balrug!!!
The balrug partially resists.
You kill the balrug!
Vehumet accepts your kill.
You feel your power returning.
The great blast of fire engulfs the sun demon!!
The sun demon partially resists.
You kill the sun demon!
Vehumet accepts your kill.
You feel your power returning. Vehumet accepts your kill.
You feel your power returning.
You feel a bit more experienced.
You have reached level 27, the final one!
Your experience leads to an increase in your attributes!
Your base attributes are Str 4, Int 36, Dex 13.
Increase (S)trength, (I)ntelligence, or (D)exterity?
You feel clever. x2
Aiming: Iron Shot (safe; 1% risk of failure)
Press: ? - help, Shift-Dir - straight line, f - sun demon, p - fire vortex
Aim: a sun demon (moderately wounded, 80% to hit)
You feel a strong surge of power!
The iron shot hits the sun demon!!!!
You kill the sun demon!
Vehumet accepts your kill.
You feel your power returning.
There is a staircase leading out of the dungeon here.
You feel clever all of a sudden.
Really quaff the potion of attraction? [Y]es or [N]o only, please.
Really quaff the potion of attraction?
Okay, then.
You feel protected.
You feel yourself speed up.
You fade into invisibility!
You have escaped!

#...#
♣....♣
#........[
#...#
♣....♣
###.#.....
###.#
♣....♣
#.......
#.# ♣....♣
#.......
#.# ♣....♣
##.......
#.# ♣♣...♣♣
♣#...###).
####
♣.....♣
#.......>.
#.# ♣.....♣
#.#.#.....
#.# ♣..@..♣
##........
###.#
♣.....♣
#.......#.
#...#
♣♣.....♣
##.v.v.....
#...#
♣.....♣♣
#....).v...
#..##
♣....♣♣
#.....v....
#.†#
♣♣....♣
#.....v....
#..#
♣.....♣
#v....vv...
#..#
♣....♣♣
#...vv....P
##.# ##..##
#...)...#P.


There were no monsters in sight!

Vanquished Creatures
  Dissolution (Slime:2)
  the Royal Jelly (Slime:5)
  5 dread liches
  7 orbs of fire
  Mara (Vaults:3)
  3 ancient liches
  6 Killer Klowns (Zot:5)
  Bai Suzhen (Swamp:4)
  Saint Roka (Vaults:3)
  Margery (Depths:3)
  Frederick (Vaults:3)
  4 curse toes
  The ghost of agentgt the Warrior, a veteran KoAK of Lugonu (Vaults:4)
  Nikola (Snake:2)
  13 golden dragons
  The ghost of vegansnacktivist the Executioner, an adept DDFi of Makhleb (Vaults:4)
  A bone dragon (Depths:1)
  2 electric golems (Zot:5)
  Jorgrun (Snake:1)
  3 deep elf blademasters
  17 tentacled monstrosities
  22 Orb Guardians (Zot:5)
  2 titans
  6 liches
  Asterion (Elf:2)
  The ghost of Decrayps the Ninja, a veteran FeEn of Elyvilon (Zot:1)
  2 deep elf master archers (Elf:3)
  Rupert (D:15)
  21 acid blobs
  An Executioner (D:14)
  7 quicksilver dragons
  5 ancient champions
  2 sphinxes
  4 death cobs
  3 tengu reavers
  19 storm dragons
  6 draconian monks
  Kirke (D:12)
  Donald (Snake:1)
  22 rockslimes
  7 nagarajas
  9 revenants
  6 shadow dragons
  8 fire giants
  10 azure jellies
  4 deep elf sorcerers
  2 orc warlords
  An iron dragon (Depths:4)
  A balrug (D:1)
  9 vault wardens
  Aizul (Snake:4)
  6 draconian knights
  8 frost giants
  4 ghost moths
  4 curse skulls
  2 draconian stormcallers
  10 draconian scorchers
  9 draconian shifters
  2 deep elf elementalists (Elf:3)
  17 ironbound preservers
  10 ghouls
  7 draconian annihilators
  A caustic shrike zombie (Depths:3)
  20 very ugly things
  10 quicksilver oozes
  2 spriggan defenders (Depths:3)
  7 stone giants
  A reaper (Crypt:2)
  8 ironbound thunderhulks
  13 green draconians
  A caustic shrike skeleton (Depths:3)
  7 vampire knights
  Azrael (Elf:2)
  2 entropy weavers
  3 bunyips
  16 purple draconians
  7 deep elf annihilators
  8 dire elephants (Vaults:2)
  20 red draconians
  4 deep elf demonologists
  An eleionoma (Swamp:1)
  21 yellow draconians
  17 black draconians
  10 white draconians
  10 spark wasps
  12 deep elf death magi
  6 ettins
  Snorg (D:11)
  An iron golem (Depths:4)
  10 jiangshi
  An ettin (shapeshifter) (Depths:4)
  3 eidola
  9 fire dragons
  2 crystal guardians (Vaults:2)
  4 shambling mangroves
  The ghost of Doemub the Spry, a journeyman FeSu of Gozag (Snake:1)
  Harold (D:11)
  8 boulder beetles
  3 deep elf high priests (Elf:3)
  6 vault guards (Vaults:4)
  6 yaktaur captains
  18 hydras
  A salamander tyrant (Snake:3)
  5 rakshasas
  3 ice dragons
  2 spriggan zombies (Crypt:1)
  A peacekeeper (Vaults:2)
  8 spriggan air magi
  10 great orbs of eyes
  A juggernaut simulacrum (Depths:3)
  A catoblepas (Lair:2)
  A ghost crab (Swamp:1)
  12 anacondas
  10 two-headed ogres
  An ogre mage (Orc:1)
  A fenstrider witch zombie (Crypt:1)
  7 spriggan skeletons
  A fenstrider witch skeleton (Crypt:3)
  7 naga warriors
  5 ironbound frosthearts
  4 death knights
  23 dancing weapons
  6 centaur warriors
  7 alligators
  An Orb Guardian skeleton (Crypt:2)
  7 deep troll earth magi
  8 deep troll shamans
  7 death yaks
  5 tengu warriors
  6 vampire magi
  3 orc high priests (Orc:2)
  Urug (Lair:4)
  4 thrashing horrors (Lair:5)
  4 sun demons (D:1)
  9 spriggan berserkers
  2 titan skeletons (Depths:1)
  7 shock serpents
  3 soul eaters
  Lodul (D:11)
  25 hell knights
  10 deep elf knights
  9 naga sharpshooters
  A shadow wraith (Crypt:3)
  55 deep trolls
  3 storm dragon skeletons
  3 iron trolls
  A spark wasp zombie (Depths:2)
  44 skeletal warriors
  A bunyip zombie (Crypt:3)
  5 goliath frogs
  4 salamander mystics
  A flayed ghost (Crypt:3)
  4 spriggan druids
  An obsidian statue (Zot:5)
  6 glowing orange brains
  A bunyip skeleton (Crypt:3)
  An anaconda zombie (Crypt:2)
  3 naga ritualists
  11 wizards
  11 lindwurms
  4 bog bodies
  7 swamp dragons
  A shadow dragon zombie (Depths:3)
  7 phantasmal warriors
  16 necromancers
  4 harpies (Vaults:1)
  13 ironbound convokers
  2 shadow dragon skeletons
  A sphinx zombie (Crypt:1)
  3 anaconda skeletons (Crypt:1)
  8 orc knights
  25 deep elf pyromancers
  23 deep elf zephyrmancers
  A broodmother zombie (Crypt:1)
  43 ugly things
  11 mana vipers
  19 salamanders
  A manticore (shapeshifter) (Depths:4)
  5 tengu skeletons (Depths:1)
  10 orc sorcerers
  4 cyclopes
  2 sphinx skeletons (Depths:1)
  4 will-o-the-wisps (Swamp:3)
  10 shining eyes
  A manticore (D:11)
  A stone giant skeleton (Depths:1)
  14 elephants
  An orc zombie (Crypt:3)
  2 eyes of devastation
  37 moths of wrath
  An alligator snapping turtle zombie (Crypt:3)
  32 black mambas
  21 vault sentinels
  2 smoke demons
  11 naga magi
  A torpor snail (Lair:5)
  A centaur skeleton (Crypt:3)
  8 cane toads
  6 guardian serpents
  4 frost giant skeletons (Depths:1)
  A naga skeleton (Crypt:2)
  A storm dragon simulacrum (Depths:2)
  A bunyip simulacrum (Crypt:3)
  A kobold demonologist (D:12)
  An efreet (D:15)
  5 rime drakes
  A yellow draconian zombie (Crypt:2)
  3 freezing wraiths
  7 komodo dragons
  An ice devil (Depths:3)
  An anaconda simulacrum (Crypt:1)
  3 ancient zymes (Lair:5)
  6 tengu conjurers
  9 yaktaurs
  A hydra zombie (Crypt:3)
  2 minotaur skeletons
  4 guardian mummies (Crypt:3)
  2 hellwings (D:8)
  A red devil (D:1)
  3 meliai (D:15)
  3 harpy zombies
  8 trolls
  2 bloated husks
  2 queen bees (shapeshifter) (D:13)
  5 tyrant leeches
  A polar bear (Lair:5)
  2 death drake skeletons (Crypt:3)
  11 hornets
  Prince Ribbit (D:7)
  An alligator zombie (Crypt:2)
  22 blink frogs
  Grinder (D:3)
  An ettin zombie (Crypt:3)
  2 harpy skeletons (Crypt:1)
  A boulder beetle zombie (Crypt:2)
  A stone giant simulacrum (Crypt:1)
  2 radroach zombies
  141 slime creatures
  A frost giant simulacrum (Depths:2)
  A black mamba zombie (Crypt:3)
  An ettin skeleton (Depths:1)
  A fire dragon skeleton (Crypt:1)
  20 flying skulls
  2 air elementals
  2 centaur simulacra
  9 basilisks
  A yak (shapeshifter) (Lair:5)
  2 ynoxinuls (Lair:5)
  10 spriggans
  A dire elephant simulacrum (Crypt:1)
  11 water elementals
  A basilisk (shapeshifter) (Lair:5)
  6 wraiths
  4 wyverns
  50 yaks
  2 golden eyes (Slime:4)
  6 fire elementals
  A steam dragon (D:9)
  A black mamba skeleton (Crypt:3)
  2 redback simulacra (D:15)
  2 chaos spawn (Lair:5)
  4 redbacks
  7 small abominations (Lair:5)
  3 hogs (D:12)
  6 wargs
  10 vampire mosquitoes
  19 swamp worms
  A glowing shapeshifter zombie (Depths:3)
  A naga (shapeshifter) (Elf:3)
  29 nagas
  11 water moccasins
  A large abomination (Lair:5)
  3 hell hounds (Elf:2)
  3 glowing shapeshifter skeletons (Depths:1)
  6 swamp drakes
  41 orc warriors
  A sky beast (D:8)
  14 ogres
  2 ice beasts
  3 black bears
  4 boggarts (Vaults:2)
  A black mamba simulacrum (Crypt:1)
  19 wolves
  13 centaurs
  A phantom (D:5)
  A yaktaur zombie (Crypt:3)
  A kobold brigand (D:11)
  11 bullfrogs
  An earth elemental (Elf:2)
  A scorpion (D:4)
  6 necrophages
  16 wights
  A troll zombie (Crypt:3)
  A warg zombie (Crypt:3)
  14 killer bees
  8 electric eels
  4 howler monkeys
  3 vampire bats (Lair:1)
  A yak skeleton (Crypt:3)
  2 gnoll boudas
  33 orc priests
  7 hounds
  17 jellies
  Natasha (thrice) (D:3)
  3 iguanas (D:4)
  35 orc wizards
  12 hell rats
  A boggart skeleton (Crypt:1)
  A deep dwarf zombie (Crypt:2)
  An ice beast zombie (Crypt:3)
  A hound skeleton (Crypt:1)
  10 gnolls
  10 adders
  A shadow imp (D:6)
  A white imp (D:5)
  An ufetubus (D:5)
  A jelly zombie (Crypt:3)
  2 worms
  2 dart slugs
  110 orcs
  12 ball pythons
  A bat zombie (D:15)
  10 endoplasms
  5 giant cockroaches
  3 hobgoblins
  9 jackals
  8 quokkas
  A ball python zombie (Crypt:3)
  6 bats
  A butterfly zombie (Crypt:3)
  An endoplasm zombie (Crypt:2)
  5 frilled lizards
  6 goblins
  9 kobolds
  A rat (D:2)
  4 rat zombies (D:15)
  2 fire vortices
2378 creatures vanquished.

Vanquished Creatures (collateral kills)
  3 Orb Guardians (Zot:5)
  A quicksilver dragon (Zot:4)
  A shadow dragon (Depths:4)
  A draconian scorcher (Zot:1)
  An ironbound thunderhulk (Vaults:4)
  A draconian annihilator (Zot:4)
  2 ghouls
  2 green draconians
  3 deep elf demonologists (Elf:3)
  3 black draconians
  A white draconian (Zot:3)
  2 yellow draconians
  A red draconian (Zot:5)
  An eidolon (Crypt:3)
  A skeletal warrior (Crypt:2)
  A wolf spider zombie (Crypt:2)
  A deep elf zephyrmancer (Elf:1)
  A cyclops (D:12)
  4 slime creatures
  2 golden eyes (Slime:4)
  An orc (D:12)
34 creatures vanquished.

Vanquished Creatures (others)
  A white draconian (Zot:1)
  A goliath frog (Swamp:1)
  A salamander mystic (Snake:3)
  A lindwurm (Swamp:4)
  A hell hound (Elf:2)
  A centaur (D:12)
  An orc wizard (Orc:2)
  491 fire vortices
  14 foxfires (Swamp:3)
  46 fungi
  145 plants
  3 withered plants (D:1)
706 creatures vanquished.

Grand Total: 3118 creatures vanquished

Notes
Turn   | Place    | Note
-------+----------+-------------------------------------------
     0 | D:1      | fleeber the Deep Elf Conjurer began the quest for the Orb.
     0 | D:1      | Reached XP level 1. HP: 10/10 MP: 6/6
   170 | D:1      | Found a faded altar of an unknown god.
   172 | D:1      | Reached XP level 2. HP: 15/15 MP: 6/8
   232 | D:1      | Reached skill level 1 in Translocations
   506 | D:1      | Found Ynydilaj's Magic Scroll Shoppe.
   590 | D:1      | Learned a level 2 spell: Searing Ray
   619 | D:1      | Reached XP level 3. HP: 19/19 MP: 8/10
  1329 | D:2      | Reached skill level 5 in Conjurations
  1723 | D:2      | Reached XP level 4. HP: 15/24 MP: 7/12
  3004 | D:3      | Noticed Natasha
  3008 | D:3      | Killed Natasha
  3009 | D:3      | Reached XP level 5. HP: 28/28 MP: 9/14
  3240 | D:3      | Noticed Natasha
  3244 | D:3      | Killed Natasha
  3251 | D:3      | Reached skill level 5 in Spellcasting
  3279 | D:3      | Noticed Grinder
  3281 | D:3      | Paralysed by Grinder for 3 turns
  3290 | D:3      | Paralysed by Grinder for 3 turns
  3293 | D:3      | Killed Grinder
  3294 | D:3      | Reached XP level 6. HP: 3/32 MP: 1/16
  3700 | D:3      | Noticed Natasha
  3703 | D:3      | Killed Natasha
  4293 | D:4      | Reached XP level 7. HP: 36/36 MP: 18/18
  4417 | D:4      | Found a staircase to the Ecumenical Temple.
  4469 | Temple   | Entered the Ecumenical Temple
  4588 | Temple   | Became a worshipper of Vehumet
  4753 | D:4      | Found a glowing golden altar of the Shining One.
  4988 | D:4      | Found a broken altar of Ashenzari.
  5270 | D:5      | Entered Level 5 of the Dungeon
  5380 | D:5      | Learned a level 4 spell: Iskenderun's Mystic Blast
  5444 | D:5      | Reached skill level 5 in Translocations
  6120 | D:5      | Reached * piety under Vehumet
  6120 | D:5      | Offered knowledge of Foxfire by Vehumet.
  6125 | D:5      | Reached XP level 8. HP: 31/41 MP: 19/21
  7729 | D:6      | Found a white marble altar of Elyvilon.
  8341 | D:6      | Found a runed translucent gate.
  8342 | D:6      | Found a runed translucent gate.
  8393 | D:6      | Reached skill level 1 in Fighting
  8470 | D:6      | Found a runed translucent gate.
  8471 | D:6      | Noticed cdecastro's ghost (novice HOMo)
  8887 | D:6      | Reached XP level 9. HP: 50/50 MP: 23/23
  9521 | D:7      | Reached skill level 5 in Fighting
  9683 | D:7      | Found a shadowy altar of Dithmenos.
  9958 | D:7      | Found a stormy altar of Qazlal.
  9978 | D:7      | Offered knowledge of Poisonous Vapours by Vehumet.
 10010 | D:7      | Reached ** piety under Vehumet
 10134 | D:7      | Noticed Prince Ribbit
 10145 | D:7      | Killed Prince Ribbit
 10566 | D:8      | Noticed a troll
 10707 | D:8      | Killed a troll
 10788 | D:8      | Found a staircase to the Lair.
 10896 | D:8      | Reached XP level 10. HP: 64/64 MP: 24/24
 11229 | D:8      | Reached skill level 1 in Evocations
 11635 | D:8      | Identified the +8 dagger "Saig" {vorpal, Will- Int+4 Dex+3}
 11668 | D:8      | Reached skill level 5 in Evocations
 11807 | D:8      | Offered knowledge of Scorch by Vehumet.
 12813 | D:9      | Reached *** piety under Vehumet
 13239 | D:9      | Reached XP level 11. HP: 53/68 MP: 25/25
 13418 | D:9      | Offered knowledge of Hailstorm by Vehumet.
 13869 | D:10     | Entered Level 10 of the Dungeon
 13869 | D:10     | Noticed a deep elf pyromancer
 13876 | D:9      | Learned a level 3 spell: Stone Arrow
 13883 | D:10     | Killed a deep elf pyromancer
 14049 | D:10     | Noticed a two-headed ogre
 14138 | D:10     | Found an iron altar of Okawaru.
 14292 | D:10     | Noticed a two-headed ogre
 14300 | D:10     | Killed a two-headed ogre
 14619 | D:10     | Killed a two-headed ogre
 14620 | D:10     | Reached skill level 10 in Spellcasting
 15240 | D:11     | Noticed a green ugly thing
 15466 | D:11     | Reached skill level 10 in Conjurations
 15520 | D:11     | Reached skill level 10 in Translocations
 15521 | D:11     | Noticed Harold
 15527 | D:11     | Killed Harold
 15703 | D:11     | Noticed a two-headed ogre
 15709 | D:11     | Killed a two-headed ogre
 15846 | D:11     | Found a portal to a secret trove of treasure.
 15857 | D:11     | Noticed Snorg
 15877 | D:11     | Killed Snorg
 15978 | D:11     | Killed a green ugly thing
 16307 | D:11     | Reached **** piety under Vehumet
 16430 | D:11     | Reached XP level 12. HP: 73/73 MP: 27/29
 16572 | D:11     | Offered knowledge of Ignite Poison by Vehumet.
 16776 | D:11     | Found a staircase to the Orcish Mines.
 17026 | D:11     | Noticed Lodul
 17047 | D:11     | Killed Lodul
 17206 | D:11     | Learned a level 4 spell: Olgreb's Toxic Radiance
 17210 | D:11     | Learned a level 3 spell: Ignite Poison
 17314 | Lair:1   | Entered Level 1 of the Lair of Beasts
 17462 | Lair:1   | You fall into a shaft and drop 1 floor!
 17472 | Lair:2   | Reached skill level 1 in Earth Magic
 17472 | Lair:2   | Reached skill level 1 in Poison Magic
 18214 | Lair:2   | Noticed a catoblepas
 18227 | Lair:2   | Killed a catoblepas
 18558 | Lair:2   | Reached ***** piety under Vehumet
 18820 | Lair:2   | Offered knowledge of Iron Shot by Vehumet.
 18821 | Lair:2   | Reached skill level 5 in Poison Magic
 19585 | Lair:2   | Noticed an eight-headed hydra
 19591 | Lair:2   | Killed an eight-headed hydra
 19659 | Lair:2   | Noticed a five-headed hydra
 19664 | Lair:2   | Killed a five-headed hydra
 19721 | Lair:2   | Found a staircase to the Swamp.
 19790 | Lair:3   | Found a staircase to the Snake Pit.
 19882 | Lair:3   | Identified the +0 plate armour "Sorutio" {Contam Rampage
                  | rF++ Int+2}
 19894 | Lair:3   | Reached skill level 1 in Transmutations
 19894 | Lair:3   | Reached skill level 1 in Fire Magic
 20154 | Lair:3   | Noticed a four-headed hydra
 20154 | Lair:3   | Noticed a four-headed hydra
 20178 | Lair:3   | Killed a four-headed hydra
 20372 | Lair:3   | Killed a four-headed hydra
 20662 | Lair:3   | Reached skill level 5 in Earth Magic
 20662 | Lair:3   | Reached XP level 13. HP: 50/78 MP: 15/30
 21102 | Lair:4   | Noticed Urug
 21324 | Snake:1  | Entered Level 1 of the Snake Pit
 21587 | Lair:4   | Killed Urug
 21845 | Lair:4   | Reached skill level 5 in Transmutations
 21845 | Lair:4   | Reached skill level 5 in Fire Magic
 22404 | Lair:5   | Entered Level 5 of the Lair of Beasts
 22882 | Lair:5   | Offered knowledge of Starburst by Vehumet.
 24080 | Lair:5   | Reached XP level 14. HP: 84/84 MP: 18/31
 24163 | Lair:5   | Found a corrupted altar of Lugonu.
 24163 | Lair:5   | Found a one-way gate to the infinite horrors of the Abyss.
 25037 | Lair:5   | Found a staircase to the Slime Pits.
 25038 | Lair:5   | Found a viscous altar of Jiyva.
 25109 | Lair:5   | Offered knowledge of Freezing Cloud by Vehumet.
 26987 | D:12     | Noticed Kirke
 26993 | D:12     | Killed Kirke
 27108 | D:12     | Identified the ring "Xaosuemm" {Fire Str+5}
 27511 | Orc:1    | Entered Level 1 of the Orcish Mines
 27852 | Orc:2    | Entered Level 2 of the Orcish Mines
 27916 | Orc:1    | Paralysed by an ogre mage for 2 turns
 28429 | Orc:2    | Found a staircase to the Elven Halls.
 29072 | Orc:2    | Reached ****** piety under Vehumet
 29072 | Orc:2    | Offered knowledge of Spellforged Servitor by Vehumet.
 29098 | Orc:2    | Noticed an orc warlord
 29210 | Orc:2    | Reached XP level 15. HP: 88/88 MP: 19/35
 29438 | Orc:2    | Killed an orc warlord
 30016 | Orc:2    | Found Nimuneg's General Store.
 30017 | Orc:2    | Found Dixtaim's Jewellery Shoppe.
 30020 | Orc:2    | Found Micwil's Antique Armour Emporium.
 30020 | Orc:2    | Found Emin's Antique Weapon Emporium.
 30079 | Orc:2    | Bought the amulet of Desertification {Reflect Contam rC+
                  | Regen+ rCorr SH+5} for 528 gold pieces
 30079 | Orc:2    | Bought the ring "Bohata" {*Corrode rElec rF+ Dex+6 SInv}
                  | for 602 gold pieces
 30219 | Orc:2    | Bought a potion of heal wounds for 75 gold pieces
 30219 | Orc:2    | Bought a scroll of identify for 30 gold pieces
 30227 | Orc:2    | Bought a glowing robe for 114 gold pieces
 30324 | Orc:2    | Bought a ring of poison resistance for 240 gold pieces
 30405 | Orc:2    | Bought a bloodstained war axe for 246 gold pieces
 30405 | Orc:2    | Identified the +5 war axe of Boniam {vorpal, Dex+2} (You
                  | bought it in a shop on level 2 of the Orcish Mines)
 30627 | D:13     | Got Nifrekint's Guidebook on the Mortuary
 30665 | D:13     | You fall into a shaft and drop 1 floor!
 30984 | D:13     | Found a runed translucent door.
 31021 | D:13     | Found an ancient bone altar of Kikubaaqudgha.
 31132 | D:13     | Reached skill level 15 in Spellcasting
 31350 | D:13     | Reached skill level 1 in Summonings
 31428 | D:13     | Found a gate to the Vaults.
 33063 | D:15     | Entered Level 15 of the Dungeon
 33309 | D:15     | Offered knowledge of Fireball by Vehumet.
 33569 | D:15     | Learned a level 5 spell: Fireball
 33575 | D:15     | Learned a level 5 spell: Iskenderun's Battlesphere
 33584 | D:15     | Learned a level 8 spell: Lehudib's Crystal Spear
 33754 | D:15     | Noticed Rupert
 33763 | D:15     | Killed Rupert
 33943 | D:15     | Found an ancient bone altar of Kikubaaqudgha.
 34264 | D:15     | Identified a scroll of acquirement
 34266 | D:15     | Acquired a staff of conjuration
 34820 | D:15     | Found a staircase to the Depths.
 35296 | D:1      | Bought a scroll of teleportation for 36 gold pieces
 35296 | D:1      | Bought a scroll of teleportation for 36 gold pieces
 35296 | D:1      | Bought a scroll of enchant armour for 90 gold pieces
 35706 | Snake:1  | Found a runed translucent door.
 36128 | Snake:1  | Noticed Doemub's ghost (journeyman FeSu)
 36327 | Snake:1  | Identified the +1 robe of Forking Paths {Fly Archmagi}
 36367 | Snake:1  | Noticed Donald
 36375 | Snake:1  | Killed Donald
 36860 | Snake:1  | Noticed Jorgrun
 36872 | Snake:1  | Killed Jorgrun
 36873 | Snake:1  | Reached skill level 1 in Shields
 36873 | Snake:1  | Reached XP level 16. HP: 64/94 MP: 14/38
 38041 | Snake:2  | Noticed Nikola
 38045 | Snake:2  | Offered knowledge of Lightning Bolt by Vehumet.
 38215 | Snake:2  | Killed Nikola
 39166 | Snake:2  | Reached skill level 10 in Fire Magic
 40283 | Snake:3  | Reached skill level 10 in Earth Magic
 41755 | Snake:3  | Found Ikigimp's General Store.
 41788 | Snake:3  | Identified the +5 falchion of the Blessed Realm {flame,
                  | *Corrode rElec rPois Will+}
 42292 | Snake:3  | Identified the +1 scale mail of Honour {Contam rElec Int-5
                  | Dex+5}
 42709 | Swamp:1  | Entered Level 1 of the Swamp
 43389 | Swamp:1  | Reached skill level 10 in Fighting
 43659 | Swamp:1  | Reached XP level 17. HP: 102/102 MP: 32/39
 43696 | Swamp:1  | Identified the +1 pair of boots "Ciprof" {Harm Will+ Dex+3}
 44018 | Swamp:2  | Offered knowledge of Ignition by Vehumet.
 45750 | Swamp:3  | Found a shadowy altar of Dithmenos.
 46010 | Swamp:4  | Entered Level 4 of the Swamp
 46978 | Swamp:4  | Noticed Bai Suzhen
 46987 | Swamp:4  | Killed Bai Suzhen
 47319 | Swamp:4  | Got a decaying rune of Zot
 47696 | Snake:4  | Entered Level 4 of the Snake Pit
 48568 | Snake:4  | Noticed Aizul
 48588 | Snake:4  | Killed Aizul
 49392 | Snake:4  | Noticed a quicksilver dragon
 49392 | Snake:4  | Noticed a quicksilver dragon
 49395 | Snake:4  | Killed a quicksilver dragon
 49397 | Snake:4  | Killed a quicksilver dragon
 49774 | Snake:4  | Got a serpentine rune of Zot
 50166 | Vaults:1 | Entered Level 1 of the Vaults
 50385 | Vaults:1 | Offered knowledge of Fire Storm by Vehumet.
 50385 | Vaults:1 | Offered knowledge of Shatter by Vehumet.
 50385 | Vaults:1 | Offered knowledge of Chain Lightning by Vehumet.
 50483 | Vaults:1 | Reached XP level 18. HP: 112/112 MP: 34/40
 50911 | Vaults:2 | Reached skill level 15 in Fire Magic
 51889 | Vaults:1 | Reached skill level 15 in Conjurations
 52068 | Vaults:1 | Found Qiczam's Assorted Antiques.
 52069 | Vaults:1 | You are sucked into a shaft and drop 1 floor!
 52564 | Vaults:1 | Found Uneluid's Distillery.
 52578 | Vaults:1 | Found Niaqops's Antique Armour Emporium.
 54605 | Vaults:2 | Noticed a golden dragon
 54658 | Vaults:2 | Killed a golden dragon
 55228 | Vaults:2 | Identified the +9 rapier "Gacurchia" {flame, rElec Dex+4
                  | SInv Stlth+}
 55646 | Vaults:3 | Found Mitohedo's General Store.
 55848 | Vaults:3 | Noticed Mara
 56070 | Vaults:3 | Reached XP level 19. HP: 116/116 MP: 30/41
 56403 | Vaults:3 | Reached skill level 10 in Evocations
 57080 | Vaults:3 | Noticed Saint Roka
 57089 | Vaults:3 | Killed Saint Roka
 57677 | Vaults:3 | Noticed Frederick
 57682 | Vaults:3 | Killed Frederick
 58250 | Vaults:3 | Found a staircase to the Crypt.
 58250 | Vaults:3 | Found a basalt altar of Yredelemnul.
 58251 | Vaults:3 | Found an ancient bone altar of Kikubaaqudgha.
 59739 | Vaults:4 | Found a transporter.
 59748 | Vaults:4 | Noticed vegansnacktivist's ghost (adept DDFi)
 59754 | Vaults:4 | Noticed a golden dragon
 59757 | Vaults:4 | Found a transporter.
 59770 | Vaults:4 | Noticed agentgt's ghost (veteran KoAK)
 61864 | Crypt:1  | Entered Level 1 of the Crypt
 62228 | Crypt:1  | Reached XP level 20. HP: 115/122 MP: 26/43
 63604 | Crypt:1  | Identified the ring "Nataoh" {Wiz rF+++ rC- Dex+3}
 63829 | Vaults:3 | Noticed fleeber's illusion
 63833 | Vaults:3 | Killed Mara
 65407 | Depths:1 | Entered Level 1 of the Depths
 65407 | Depths:1 | Found a transporter.
 65521 | Depths:1 | Found a transporter.
 65898 | Depths:1 | Learned a level 7 spell: Orb of Destruction
 65973 | Depths:1 | Reached skill level 15 in Earth Magic
 66302 | Depths:1 | Noticed a bone dragon
 66500 | Depths:1 | Killed a bone dragon
 66671 | Depths:1 | Identified the ring "Muupnuxt" {*Corrode rElec rPois Int-3
                  | Stlth+}
 66751 | Depths:1 | Found a transporter.
 66759 | Depths:1 | Found a transporter.
 67719 | Depths:1 | Found a gateway to Hell.
 67817 | Depths:1 | Found a transporter.
 67825 | Depths:1 | Found a transporter.
 68297 | Depths:1 | Identified the +1 robe of Nellyl {rN+ Str+2}
 68588 | Depths:2 | Reached skill level 5 in Dodging
 68594 | Depths:2 | Reached XP level 21. HP: 114/127 MP: 19/45
 69386 | Depths:2 | You are sucked into a shaft and drop 1 floor!
 69386 | Depths:3 | Found a one-way gateway to a ziggurat.
 70450 | Depths:2 | Noticed a golden dragon
 70669 | Depths:2 | Killed a golden dragon
 71142 | Depths:2 | Found a one-way gate leading to the halls of Pandemonium.
 71360 | Depths:2 | Found Merachu's Jewellery Shoppe.
 71361 | Depths:2 | Found Baidgh's General Store.
 71363 | Depths:2 | Found Cogulaid's Jewellery Shoppe.
 71846 | Depths:2 | Bought the macabre finger necklace {rN+} for 520 gold
                  | pieces
 71846 | Depths:2 | Found the macabre finger necklace {rN+}
 72709 | Depths:3 | Noticed Margery
 72884 | Depths:3 | Killed Margery
 75630 | Depths:4 | Entered Level 4 of the Depths
 75630 | Depths:4 | Found Zoycluri's Jewellery Boutique.
 75721 | Depths:4 | Found a sacrificial altar of Ru.
 76608 | Depths:4 | Reached XP level 22. HP: 124/132 MP: 38/46
 76690 | Depths:4 | Found a gate to the Realm of Zot.
 76942 | Depths:4 | Upgraded the game from 0.29.1-2-gbd0b4ee654 to
                  | 0.29.1-4-g47bece8355
 77212 | Elf:1    | Entered Level 1 of the Elven Halls
 77420 | Elf:1    | Learned a level 9 spell: Fire Storm
 77906 | Elf:1    | Paralysed by an air elemental for 1 turns
 78133 | Elf:1    | Identified the +0 leather armour of the Forsaken Blessings
                  | {rPois Str+3}
 78235 | Elf:1    | Got the Precepts of Conjuration
 78946 | Elf:2    | Noticed Azrael
 78963 | Elf:2    | Killed Azrael
 79768 | Elf:2    | Found a runed translucent gate.
 79768 | Elf:2    | Found a runed translucent gate.
 79768 | Elf:2    | Found a runed translucent gate.
 79800 | Elf:2    | Noticed Asterion
 79803 | Elf:2    | Killed Asterion
 80193 | Elf:2    | Reached skill level 5 in Shields
 80666 | Elf:3    | Entered Level 3 of the Elven Halls
 81467 | Elf:3    | Reached skill level 10 in Dodging
 81539 | Elf:3    | Identified the ring "Pates" {Fire rPois Will+++ Str-3 SInv}
 81646 | Elf:3    | Identified the ring "Zeatoil" {Drain +Blink rPois MP+9
                  | Str+4}
 81794 | Elf:3    | Got Boxzodea's Grimoire of Lightning and Necromancy
 81824 | Elf:3    | Identified the +1 sling "Limp" {flame, rN++ SInv}
 81829 | Elf:3    | Identified the +7 spear of Unpleasantness {freeze, rN+}
 81832 | Elf:3    | Identified the +4 falchion of Fimbulwinter {speed, rC+
                  | rCorr Dex+4}
 81843 | Elf:3    | Got the Lectures on Beguiling and Direction
 81847 | Elf:3    | Identified the +2 sling "Okarom Piaz" {venom, Str+4}
 81851 | Elf:3    | Got Ineec's Tome of the Feathery Whammy
 82184 | Elf:3    | Identified the +1 robe "Vecoittili" {rElec Int+3}
 82578 | Snake:1  | Killed Doemub's ghost
 83698 | Depths:4 | Found a snail-covered altar of Cheibriados.
 83915 | Depths:4 | Reached XP level 23. HP: 116/132 MP: 19/47
 84033 | Depths:4 | Learned a level 6 spell: Iron Shot
 84556 | Depths:2 | Bought a potion of cancellation for 88 gold pieces
 84574 | Depths:2 | Bought the ring "Gewk" {rPois rF- rC+++ Int+6 Stlth+} for
                  | 1560 gold pieces
 84860 | Vaults:1 | Bought a potion of mutation for 160 gold pieces
 84860 | Vaults:1 | Bought a potion of invisibility for 160 gold pieces
 84860 | Vaults:1 | Bought a potion of mutation for 160 gold pieces
 84860 | Vaults:1 | Bought a potion of resistance for 200 gold pieces
 84860 | Vaults:1 | Bought a potion of haste for 200 gold pieces
 86101 | Slime:1  | Entered Level 1 of the Pits of Slime
 86268 | Slime:2  | Noticed Dissolution
 86270 | Slime:2  | Killed Dissolution
 88448 | Slime:5  | Entered Level 5 of the Pits of Slime
 88733 | Slime:5  | Noticed the Royal Jelly
 88738 | Slime:5  | Killed the Royal Jelly
 89378 | Slime:5  | Identified the +6 falchion "Baga" {vorpal, Int+6}
 89401 | Slime:5  | Got the Verses on Gloom and the Winter
 89403 | Slime:5  | Got a slimy rune of Zot
 89431 | Slime:5  | Identified the +4 quarterstaff "Xiustora" {speed, *Slow Fly
                  | rPois rCorr}
 90103 | Vaults:3 | Bought a scroll of silence for 133 gold pieces
 90103 | Vaults:3 | Bought a scroll of amnesia for 56 gold pieces
 90774 | Crypt:2  | Noticed a dread lich
 90850 | Crypt:2  | Found the ring of the Octopus King {HP+2 MP+9 AC+2 EV+2
                  | SH+2}
 90863 | Crypt:2  | Found a shimmering blue altar of Sif Muna.
 90867 | Crypt:2  | Found a transporter.
 90901 | Crypt:2  | Reached skill level 15 in Fighting
 90928 | Crypt:2  | Reached XP level 24. HP: 150/150 MP: 25/47
 91691 | Crypt:3  | Entered Level 3 of the Crypt
 92925 | Crypt:3  | Found the amulet of the Four Winds {rN+ Will+++ Clar}
 93029 | Crypt:3  | Identified the ring "Akum" {+Blink rF+ rN+ Slay+5}
 93220 | Crypt:3  | Noticed an ancient lich
 93224 | Crypt:3  | Killed an ancient lich
 93489 | Crypt:3  | Noticed a dread lich
 93561 | Crypt:3  | Found a staircase to the Tomb.
 93618 | Crypt:3  | Killed a dread lich
 93728 | Crypt:3  | Noticed an ancient lich
 93728 | Crypt:3  | Noticed a dread lich
 93731 | Crypt:3  | Killed an ancient lich
 93731 | Crypt:3  | Killed a dread lich
 93767 | Crypt:3  | Identified the amulet "Qulorgh" {Will++ Regen+}
 93774 | Crypt:3  | Identified the +4 long sword of the Howling Gods {vamp,
                  | +Blink rF- rC++ rN+ rCorr}
 93780 | Crypt:3  | Identified the +2 robe of the Echidna {rF++ Dex+4}
 93792 | Crypt:3  | Acquired 600 gold pieces
 93803 | Crypt:3  | Acquired 753 gold pieces
 94311 | Zot:1    | Entered Level 1 of the Realm of Zot
 94395 | Zot:1    | Noticed an orb of fire
 94404 | Zot:1    | Killed an orb of fire
 95171 | Zot:1    | Noticed Decrayps's ghost (veteran FeEn)
 95172 | Zot:1    | Found a runed translucent door.
 96384 | Zot:1    | Killed Decrayps's ghost
 96802 | Zot:2    | Reached XP level 25. HP: 160/160 MP: 42/49
 97720 | Vaults:4 | Killed vegansnacktivist's ghost
 98084 | Vaults:4 | Killed agentgt's ghost
 99355 | Zot:2    | Identified the +5 halberd of Daicanty {holy, Will+}
 99493 | Zot:2    | Identified the +4 dagger of the Lesser Evil {venom, rElec
                  | rPois rC++ Str-5}
100964 | Vaults:1 | Bought a glowing kite shield for 262 gold pieces
101330 | Crypt:2  | Killed a dread lich
101503 | Crypt:2  | Found a transporter.
105252 | Zot:4    | Learned a level 2 spell: Passwall
105256 | Zot:4    | Learned a level 3 spell: Swiftness
105258 | Zot:4    | Learned a level 1 spell: Apportation
105260 | Zot:4    | Learned a level 1 spell: Slow
105264 | Zot:4    | Learned a level 3 spell: Dazzling Flash
105599 | Zot:4    | Noticed an orb of fire
106129 | Zot:4    | Killed an orb of fire
106208 | Zot:4    | Reached XP level 26. HP: 168/168 MP: 45/51
106666 | Zot:5    | Entered Level 5 of the Realm of Zot
107412 | Zot:5    | Reached skill level 15 in Dodging
108320 | Zot:5    | Noticed an orb of fire
108326 | Zot:5    | Killed an orb of fire
108395 | Zot:5    | Noticed a dread lich
108397 | Zot:5    | Killed a dread lich
108459 | Zot:5    | Noticed an orb of fire
108479 | Zot:5    | Killed an orb of fire
108494 | Zot:5    | Noticed an orb of fire
108498 | Zot:5    | Killed an orb of fire
108814 | Zot:5    | Noticed an ancient lich
108817 | Zot:5    | Killed an ancient lich
108982 | Zot:5    | Noticed an orb of fire
108987 | Zot:5    | Killed an orb of fire
109474 | Zot:5    | Noticed a dread lich
109476 | Zot:5    | Killed a dread lich
109634 | Zot:5    | Noticed an orb of fire
109646 | Zot:5    | Killed an orb of fire
110129 | Zot:5    | Got the Orb of Zot
110345 | Depths:3 | Noticed Carageom the pandemonium lord
110806 | D:1      | Reached XP level 27. HP: 173/173 MP: 41/52
110842 | D:$      | Escaped with the Orb!

Illustrated notes

Levels and vault maps discovered:
D:1:      roderic_dead_forest, layout_rooms, ebering_ecumenical_altar_petrified,
          serial_shops, shop, nicolae_grassy_gnolls
D:2:      layout_loops_ring
D:3:      layout_loops_ring, uniq_natasha, uniq_grinder
D:4:      layout_loops_corners, kennysheep_little_box,
          mainiacjoe_overflow_boulevard, temple_doors_e
D:5:      layout_layer_cave
D:6:      minmay_spotlight, layout_basic, elyvilon_altar_3,
          ebering_ghost_rock_garden
D:7:      layout_basic, mainiacjoe_overflow_cross_hatched,
          mainiacjoe_overflow_24_doors, uniq_prince_ribbit1
D:8:      layout_basic, erik_lair_island, grunt_decor_cap,
          small_chamber_with_monster
D:9:      layout_rooms, serial_bayou, serial_bayou_lagoon_a,
          serial_bayou_pond_a, serial_bayou_pond_d, serial_bayou_lake_a,
          nrook_loot_triangle, nicolae_figureground_sparkle
D:10:     layout_loops_cross, okawaru_gym_becter
D:11:     layout_basic, erik_orc_2, enter_trove_2, uniq_lodul, uniq_harold,
          uniq_snorg
D:12:     layout_roguey [special_room_orc], serial_co_window_serial,
          co_window_paths_a, co_window_corner_a, co_window_paths_b,
          co_window_paths_a, co_window_paths_a, co_window_paths_a,
          co_window_corner_a, co_window_corner_ca, co_window_unsneaky_path_b,
          co_window_of_opportunity_b, co_window_corner_b, co_window_4corner_b,
          glass_columns_b, glass_columns_b, dreamdust_mushroom_princess,
          uniq_kirke
D:13:     layout_roguey, david_vaults_4, nicolae_danse_macabre
D:14:     layout_stronghold, chequers_serial_rivers_small_b,
          roderic_nine_men_s_morris
D:15:     hangedman_depths_entry_civil_slaughter, layout_cave_pools,
          gauntlet_entry_generic, serial_bayou, serial_bayou_lagoon_b,
          serial_bayou_pond_d, serial_bayou_ford_a, serial_bayou_crossing,
          corexii_hall_statues_t, palyth_stone_intersect,
          lemuel_zombie_altar_kikubaaqudgha, uniq_rupert
Temple:   minmay_temple_bridge_d
Lair:1:   layout_regular_city, minmay_holes, roderic_batcave
Lair:2:   layout_regular_city, palyth_hydra_swamp_entry, lemuel_fruit_tree,
          serial_bayou_shore_a, infiniplex_staircase_pool_2
Lair:3:   layout_loops_ring, dummy_snake_entry
Lair:4:   layout_regular_city, uniq_urug
Lair:5:   hellmonk_lair_end_abyssal_woods, layout_cellular_growth,
          minmay_slime_entry_jelly_boxes, grunt_megastairs_2
Swamp:1:  layout_basic_swamp, evilmike_swamp_ruin_house_5,
          infiniplex_staircase_pool
Swamp:2:  layout_basic_swamp, evilmike_swamp_ruin_house_2
Swamp:3:  layout_basic_swamp, nicolae_swamp_godswood
Swamp:4:  swamp_alternative, layout_basic_swamp, uniq_bai_suzhen
Snake:1:  layout_honeycomb, ebering_ghost_inner_flame, grunt_ministairs_15,
          nicolae_snake_salamander_jacuzzi, uniq_jorgrun, uniq_donald
Snake:2:  layout_layer_cave, special_room, uniq_nikola
Snake:3:  layout_cave_town, serial_shops, shop
Snake:4:  hellmonk_snake_rune_quicksilver_temple, layout_misc_corridors,
          uniq_aizul
Slime:1:  layout_caves
Slime:2:  layout_caves, dissolution_awaits
Slime:3:  layout_caves
Slime:4:  layout_caves
Slime:5
Orc:1:    layout_caves
Orc:2:    st_orc_congregation, layout_caves
Elf:1:    nicolae_elf_arrival_fired_up, layout_gridlike,
          hangedman_elf_represent, statue_in_the_mist_lemuel,
          minmay_elf_annihilation, lemuel_upstairs_altar
Elf:2:    elven_hall_of_blades_hangedman_original [nooodl_blade_entry_preview],
          layout_gridlike, uniq_asterion, uniq_azrael
Elf:3:    elf_hall, layout_loops_cross
Vaults:1: nicolae_vaults_bisected_exclaves, vaults_mumra_minichess_inversion,
          vaults_dpeg_doors, nicolae_vaults_network_star, hangedman_vaults_maws,
          ontoclasm_vaults_hangar, grunt_vaults_hallway_short,
          nicolae_vaults_theta, nicolae_vaults_angled_halls, v_misc_1,
          vaults_room_ringed_pool, v_misc_32, layout_vaults_maze, serial_shops,
          bzr_entry_gold, shop, shop, shop
Vaults:2: v_misc_9, v_alt_pattern_2, v_misc_1, vaults_room_pool,
          grunt_vaults_hallway_short, ontoclasm_vaults_idyll,
          vaults_standard_mumra_enter_the_diamond, st_hourglassy,
          vaults_room_hallway, v_pattern_3, layout_vaults_big_room
Vaults:3: v_misc_12, v_misc_29, minmay_crypt_entry_necro_gods,
          ontoclasm_vaults_fault, nicolae_vaults_mini_display_case,
          vaults_dpeg_hooks, nicolae_vaults_little_squares_5,
          nicolae_vaults_yaktaur_gun_rack, ontoclasm_vaults_ring_small,
          nicolae_vaults_gold_heap, layout_vaults_omnigrid, serial_shops, shop,
          uniq_frederick, uniq_mara, uniq_saint_roka
Vaults:4: nzn_ghost_randoct, grunt_vaults_swirl, hangedman_vaults_slither,
          nicolae_vaults_know_your_exits, hangedman_vaults_nails,
          hangedman_vaults_cutoff, nicolae_vaults_windows_and_doors_thing,
          nicolae_vaults_network_periphery, nicolae_vaults_angled_halls,
          vaults_dpeg_ring, nicolae_vaults_rhombus_6,
          nicolae_vaults_shelves_hall, ontoclasm_vaults_ring_large,
          layout_vaults_big_cross
Crypt:1:  layout_misc_corridors, grunt_ministairs_8,
          serial_sigils_hangedman_carve
Crypt:2:  gammafunk_sealed_library, layout_misc_corridors
Crypt:3:  david_glass_crypt, layout_gridlike, tomb_entry_simple_bobbens,
          hex_medium, weyrava_lich_vault
Depths:1: minmay_skeleton_keep, layout_gridville,
          serial_sigils_hangedman_scratch, hell_entry, hangedman_decor_opposing,
          serial_nicolae_subway, nicolae_sub_station_stone,
          nicolae_sub_station_metal, nicolae_sub_station_crystal
Depths:2: minmay_blocking_statues, layout_cave_shapes,
          serial_sigils_hangedman_scar, pf_coc_iceberg, grunt_pan_entry_spiral,
          nicolae_wooded_promenade, serial_bayou_shore_b
Depths:3: grunt_deathspiral_large, layout_gridlike, enter_ziggurat_c,
          grunt_metal_band, hangedman_abyss_entry_splay, uniq_margery
Depths:4: grunt_crosshair, layout_honeycomb, serial_shops, nicolae_shop_crystal,
          nicolae_ru_awakened_eye, lightli_enter_wizlab_magi_temple, hell_entry,
          slow_altar_1
Zot:1:    kennysheep_room_grid, layout_misc_corridors,
          hellmonk_ghost_happy_afterlife, st_stairs_4, st_single_dragon_hoard_1,
          grunt_megastairs_1
Zot:2:    layout_basic, grunt_megastairs_4
Zot:3:    kennysheep_spiral_hall, layout_basic
Zot:4:    grunt_twist_and_shout, layout_concentric_octagons
Zot:5:    layout_basic

Skill      XL: |  1  2  3  4  5  6  7  8  9 10 11 12 13 14 15 16 17 18 19 20 21 22 23 24 25 26 |
---------------+-------------------------------------------------------------------------------+-----
Translocations | 1 2 3 4 5 8 10 11 13 14 | 14.0
Spellcasting   | 4 5 6 7 8 11 14 16 17 18 20 22 23 | 23.7
Conjurations   | 5 6 7 8 10 11 13 14 16 17 18 20 21 22 23 24 | 24.3
Fighting       | 3 7 8 10 12 15 17 18 | 18.1
Evocations     | 8 9 12 | 12.0
Earth Magic    | 5 8 9 11 12 13 14 16 18 | 18.0
Poison Magic   | 8 |  8.0
Transmutations | 2 8 |  8.0
Fire Magic     | 2 8 9 11 14 16 17 19 21 22 23 24 | 24.3
Summonings     | 4 |  4.6
Shields        | 1 4 7 8 |  8.0
Dodging        | 5 8 11 12 14 18 | 18.9
Stealth        | |  2.4

Action                   |  1- 3 |  4- 6 |  7- 9 | 10-12 | 13-15 | 16-18 | 19-21 | 22-24 | 25-27 || total
-------------------------+-------+-------+-------+-------+-------+-------+-------+-------+-------++-------
Melee: Dagger            |       |       |     3 |     4 |       |       |       |       |       ||     7
       Long sword        |       |       |       |     3 |     2 |       |       |    20 |       ||    25
       Punch             |       |       |       |     1 |       |       |       |       |       ||     1
       Staff             |       |       |       |       |       |       |     2 |     1 |       ||     3
 Cast: Magic Dart        |    81 |    82 |   165 |   152 |   164 |    20 |     7 |       |     1 ||   672
       Searing Ray       |     2 |    15 |    47 |    23 |     3 |       |       |       |       ||    90
       Iskenderun's Myst |       |       |    51 |   205 |   257 |   329 |   415 |    82 |    21 ||  1360
       Stone Arrow       |       |       |       |    80 |   220 |   357 |    85 |     9 |       ||   751
       Ignite Poison     |       |       |       |     1 |   118 |     8 |    16 |     2 |       ||   145
       Olgreb's Toxic Ra |       |       |       |     1 |    75 |     8 |    25 |     4 |       ||   113
       Iskenderun's Batt |       |       |       |       |     3 |     5 |     5 |     1 |       ||    14
       Fireball          |       |       |       |       |     1 |   172 |   198 |     5 |       ||   376
       Orb of Destructio |       |       |       |       |       |       |    27 |    12 |    18 ||    57
       Lehudib's Crystal |       |       |       |       |       |       |   105 |   136 |    68 ||   309
       Fire Storm        |       |       |       |       |       |       |       |   208 |   157 ||   365
       Iron Shot         |       |       |       |       |       |       |       |    68 |    94 ||   162
Evoke: Wand              |       |       |     4 |     1 |     9 |    25 |     2 |    15 |     9 ||    65
       Lightning rod     |       |       |       |       |       |       |       |       |     2 ||     2
  Use: Scroll            |       |     3 |       |    11 |    24 |    13 |     5 |     5 |    11 ||    72
       Potion            |       |     1 |     3 |       |     9 |     6 |     8 |     5 |    13 ||    45
 Stab: Distracted        |       |       |       |     1 |       |       |       |       |       ||     1
Armor: Robe              |       |       |     6 |    12 |    41 |    51 |    21 |     7 |     7 ||   145
Dodge: Dodged            |       |       |    27 |    71 |    87 |    46 |    55 |    45 |    44 ||   375
Block: Other             |       |       |       |       |     9 |       |       |       |       ||     9
       Reflection        |       |       |       |       |     7 |    34 |    24 |     6 |     3 ||    74
       Kite shield       |       |       |       |       |     3 |   117 |    91 |    59 |    27 ||   297
